 Dungeon Crawl Stone Soup version 0.18.1-50-g88ac8fd (webtiles) character file.

186814 sleepydude the Imperceptible (level 17, 0/88 HPs)
             Began as a Spriggan Enchanter on June 26, 2016.
             Was the Champion of Okawaru.
             Slain by a jumping spider (26 damage)
             ... on level 2 of the Spider Nest on Sept 30, 2016.
             The game lasted 06:32:51 (40082 turns).

sleepydude the Imperceptible (Spriggan Enchanter)  Turns: 40082, Time: 06:32:52

Health: 0/88       AC:  7    Str:  7    XL:     17   Next: 43%
Magic:  26/36      EV: 28    Int: 18    God:    Okawaru [******]
Gold:   2546       SH: 11    Dex: 24    Spells: 6 memorised, 25 levels left

rFire  . . .     SeeInvis +     O - +8 rapier "Visublir" {venom, rN+++}
rCold  . . .     Gourm    .     (armour restricted)
rNeg   + + +     Faith    .     V - +1 buckler {AC+3}
rPois  +         Spirit   .     N - +2 hat
rElec  .         Dismiss  .     B - +1 cloak
rCorr  .         Reflect  .     (gloves unavailable)
SustAt .         Harm     .     (boots unavailable)
MR     ++...                    s - amulet of regeneration
Stlth  +++++++++.               d - ring of poison resistance
                                y - +5 ring of dexterity

@: lethally poisoned (0 -> 0), very quick, very resistant to hostile
enchantments, incredibly stealthy
A: unfitting armour, see invisible, herbivore 3, speed 3, slow metabolism 2
a: Heroism, Finesse, Renounce Religion
}: 1/15 runes: decaying


You were on level 2 of the Spider Nest.
You worshipped Okawaru.
Okawaru was exalted by your worship.
You were not hungry.

You visited 6 branches of the dungeon, and saw 33 of its levels.
You also visited: Labyrinth and Ice Cave.

You collected 4264 gold pieces.
You spent 1718 gold pieces at shops.

Inventory:

Hand Weapons
 e - a +3 rapier of electrocution
 L - a +2 dagger of venom
 O - the +8 rapier "Visublir" (weapon) {venom, rN+++}
   (You bought it in a shop on level 2 of the Orcish Mines)

   It poisons the flesh of those it strikes.
   It renders you almost immune to negative energy.
Armour
 o - the +1 robe of Agigops {rElec Int+4}
   (Okawaru gifted it to you on level 13 of the Dungeon)

   It affects your intelligence (+4).
   It insulates you from electricity.
 v - the +0 shadow dragon armour "Jeuvocly" {rElec rCorr Str+2 Stlth++++}
   (You acquired it on level 7 of the Lair of Beasts)

   It affects your strength (+2).
   It insulates you from electricity.
   It protects you from acid and corrosion.
   It makes you much more stealthy.
 B - a +1 cloak (worn)
 E - a +2 robe of the Archmagi
 K - a +0 cloak
 N - a +2 hat (worn)
 V - a +1 buckler of protection (worn)
 Y - a +1 robe of magic resistance
Jewellery
 d - a ring of poison resistance (right hand)
 q - the ring "Ybeagem" {rC+++ rN+ Str+4 Dex+3 Stlth-}
   (You found it on level 15 of the Dungeon)

   [ring of dexterity]

   It affects your strength (+4).
   It affects your dexterity (+3).
   It renders you almost immune to cold.
   It protects you from negative energy.
   It makes you less stealthy.
 s - an amulet of regeneration (around neck)
 y - a +5 ring of dexterity (left hand)
 A - an uncursed ring of protection from magic
 C - an uncursed ring of flight
 H - the ring of Vanity {Wiz Slay+3}
   (You found it on level 1 of the Spider Nest)

   [ring of wizardry]

   It improves your spell success rate.
   It affects your accuracy and damage with ranged weapons and melee attacks
   (+3).
 I - an uncursed ring of positive energy
Wands
 F - a wand of polymorph (6/24)
 P - a wand of paralysis (8/24)
 R - a wand of digging (4/24)
 T - a wand of digging (8/24)
 Z - a wand of digging (10/24)
Scrolls
 a - 5 scrolls of immolation
 g - 4 scrolls of amnesia
 i - 8 scrolls of enchant armour
 k - 5 scrolls of recharging
 l - 5 scrolls of enchant weapon
 m - 5 scrolls of magic mapping
 n - a scroll of acquirement
 r - 3 scrolls of teleportation
 u - 3 scrolls of blinking
 J - 11 scrolls of remove curse
 W - 5 scrolls of identify
Potions
 b - 2 potions of magic
 c - a potion of mutation {unknown}
 h - 5 potions of flight
 x - 2 potions of haste
 z - 3 potions of cancellation
 D - a potion of heal wounds
 G - 2 potions of agility
 M - 4 potions of resistance
 Q - a potion of cure mutation
 X - a potion of invisibility
Books
 f - a book of the Sky

   Spells                             Type                      Level
   a - Summon Lightning Spire         Summoning/Air                4
   b - Airstrike                      Air                          4
   c - Silence                        Hexes/Air                    5
   d - Deflect Missiles               Charms/Air                   6
   e - Conjure Ball Lightning         Conjuration/Air              6
   f - Tornado                        Air                          9
 p - a book of Summonings

   Spells                             Type                      Level
   a - Recall                         Summoning/Translocation      3
   b - Aura of Abjuration             Summoning                    5
   c - Summon Demon                   Summoning                    5
   d - Summon Forest                  Summoning/Translocation      5
   e - Summon Mana Viper              Hexes/Summoning              5
   f - Shadow Creatures               Summoning                    6
 t - a book of Debilitation

   Spells                             Type                      Level
   a - Corona                         Hexes                        1
   b - Slow                           Hexes                        2
   c - Gell's Gravitas                Hexes/Translocation          3
   d - Inner Flame                    Hexes/Fire                   3
   e - Cause Fear                     Hexes                        4
   f - Leda's Liquefaction            Hexes/Earth                  4
 S - a book of Necromancy

   Spells                             Type                      Level
   a - Pain                           Necromancy                   1
   b - Animate Skeleton               Necromancy                   1
   c - Vampiric Draining              Necromancy                   3
   d - Regeneration                   Charms/Necromancy            3
   e - Animate Dead                   Necromancy                   4
   f - Control Undead                 Necromancy                   4
 U - a book of Clouds

   Spells                             Type                      Level
   a - Mephitic Cloud                 Conjuration/Poison/Air       3
   b - Conjure Flame                  Conjuration/Fire             3
   c - Poisonous Cloud                Conjuration/Poison/Air       6
   d - Freezing Cloud                 Conjuration/Ice/Air          6
   e - Ring of Flames                 Charms/Fire                  7
Comestibles
 j - 6 bread rations
 w - 16 fruits


   Skills:
 - Level 9.3 Fighting
 - Level 10.0 Short Blades
 - Level 12.5 Dodging
 + Level 21.0 Stealth
 - Level 9.0 Shields
 - Level 14.0 Spellcasting
 - Level 15.0 Hexes
 - Level 9.4 Summonings
 - Level 4.0 Air Magic


You had 25 spell levels left.
You knew the following spells:

 Your Spells              Type           Power        Failure   Level  Hunger
a - Corona                Hex            ######.      0%          1    None
b - Ensorcelled Hibernat  Hex/Ice        #####.       1%          2    None
c - Confuse               Hex            ######..     1%          3    None
d - Summon Mana Viper     Hex/Summ       ######..     1%          5    ####...
e - Dazzling Spray        Conj/Hex       #####.       1%          3    None
f - Silence               Hex/Air        #####.....   2%          5    ####...


Dungeon Overview and Level Annotations

Branches:
Dungeon (15/15)            Temple (0/1) D:7            Lair (8/8) D:10
  Swamp (4/4) Lair:4       Spider (3/4) Lair:6        Slime (0/6) Lair:8
    Orc (2/2) D:9             Elf (0/3) Orc:2        Vaults (0/5) D:13
 Depths (1/5) D:15

Altars:
Cheibriados
Elyvilon
Fedhas
Kikubaaqudgha
Nemelex Xobeh
Okawaru
Pakellas
Qazlal
Ru
Sif Muna
Trog
Vehumet
Xom
The Shining One
Beogh

Shops:
Orc:2 *[=(

Portals:
Hell: Depths:1

Annotations:
Swamp:4 Louise


Innate Abilities, Weirdness & Mutations

You are tiny and cannot use many weapons and most armour.
You have supernaturally acute eyesight.
You are a herbivore.
You cover ground extremely quickly.
You need consume almost no food.


Message History

The jumping spider rages.
You hear an angry hiss.
You feel sick.
The jumping spider is no longer berserk.
You feel sick. The redback barely misses you.
The jumping spider rages.
You feel sick.
The jumping spider leaps!
You hear an angry hiss.
The redback completely misses you.
You feel sick. You block the redback's attack.
The redback is no longer berserk.
The jumping spider rages.
There is a stone staircase leading up here.
You feel sick.
The jumping spider pounces on you but does no damage.
The jumping spider misses you. The redback completely misses you.
The jumping spider pounces on you!!
You die...

#......###.#..#....#^...†
#..#.#..^....#..#.#^#...#
##....##.....#..^.#......
#....#.#.#>.#..##..#...#.
##.....#...#..#.#^.#.....
#.^..#.#..............#^#
#........#.......#......^
##..#..^#..#...#....##..#
###..#.@..........#.....
##...#ss.#..#^#......#.
##)......>.#####....#^#.
#.#.##.#..>.#.....#.##^.
#.......#..#.#..#...#.#.
#.......#....#.#.#.#..##
#.#.........#s.s^.#.#...
###..^.#.....#....§.....
##.##.##........^.#....#[


You could see a jumping spider (berserk) and a redback.

Vanquished Creatures
  Rupert (D:12)
  Asterion (Spider:2)
  Agnes (Spider:2)
  Maud (Lair:3)
  Donald (Swamp:4)
  An emperor scorpion (Spider:2)
  An orc warlord (Orc:2)
  A vampire knight (D:13)
  Nessos (D:13)
  3 fire dragons
  An ettin (D:15)
  A minotaur (Lab)
  Josephine (D:11)
  A great orb of eyes (Depths:1)
  An ice dragon (Depths:1)
  Erolcha (D:13)
  4 vault guards (D:13)
  An entropy weaver (Spider:1)
  A ghost crab (Swamp:2)
  Harold (D:10)
  Erica (D:8)
  A death knight (D:14)
  13 hydras
  6 alligators
  An ogre mage (D:15)
  6 centaur warriors
  A queen ant (D:12)
  2 tengu warriors
  6 death yaks
  Urug (D:13)
  An orc high priest (Orc:2)
  Sonja (Lair:1)
  3 skeletal warriors (D:11)
  A spriggan druid (Swamp:2)
  8 swamp dragons
  An unseen horror (D:14)
  Pikel (D:8)
  2 shambling mangroves
  4 orc knights
  2 manticores
  5 orc sorcerers
  4 cyclopes
  5 hill giants
  18 wolf spiders
  8 orb spiders
  3 deep elf magi
  15 ugly things
  3 hornets
  Joseph (D:7)
  2 griffons
  9 elephants
  8 black mambas
  Psyche (D:8)
  A gargoyle (D:12)
  27 spiny frogs
  An efreet (D:14)
  3 kobold demonologists
  5 yaktaurs
  2 demonic crawlers (Spider:1)
  3 torpor snails
  6 rime drakes
  7 komodo dragons
  20 jumping spiders
  2 polar bears
  11 trolls
  4 giant leeches
  A harpy zombie (D:15)
  A two-headed ogre (D:12)
  7 bog bodies
  A boulder beetle (Lair:8)
  19 blink frogs
  20 slime creatures
  5 wraiths
  17 spriggans
  2 shadows
  16 tarantellas
  31 redbacks
  44 yaks
  A vampire (D:14)
  A hog (shapeshifter) (D:14)
  6 wyverns
  20 hippogriffs
  4 hungry ghosts
  A steam dragon (Lair:4)
  6 basilisks
  20 vampire mosquitoes
  Menkaure (D:6)
  7 insubstantial wisps
  2 mottled dragons
  14 swamp worms
  Edmund (D:5)
  A soldier ant (shapeshifter) (D:15)
  7 soldier ants
  12 water moccasins
  11 porcupines
  4 swamp drakes
  23 orc warriors
  8 ice beasts
  A sky beast (D:13)
  4 black bears
  12 wasps
  5 ogres
  An eye of draining (D:12)
  6 necrophages
  13 wolves
  3 phantoms
  5 boggarts (D:14)
  17 centaurs
  15 crocodiles
  Blork the orc (D:6)
  7 big kobolds
  21 giant frogs
  A gnoll sergeant (D:11)
  2 scorpions
  14 killer bees
  18 wights
  7 howler monkeys (D:7)
  An electric eel (Spider:1)
  7 crimson imps
  2 quasits
  3 centaur zombies
  12 jellies
  16 orc priests
  2 centaur skeletons
  5 giant frog skeletons
  Crazy Yiuf (D:6)
  4 hounds
  Terence (D:2)
  6 iguanas
  28 orc wizards
  42 worker ants
  5 hell rats (Lair:7)
  24 sheep
  2 hound zombies
  A hound skeleton (D:8)
  Robin (D:3)
  11 adders
  11 gnolls
  2 howler monkey skeletons
  19 river rats
  3 shadow imps
  3 oozes
  3 adder zombies
  3 worms
  5 dart slugs
  5 giant geckos
  88 orcs
  6 giant cockroaches
  17 goblins
  13 hobgoblins
  9 jackals
  10 quokkas
  A ball python skeleton (D:4)
  3 bats
  6 giant newts
  72 kobolds
  A quokka skeleton (D:4)
  3 rats
  2 butterflies (Lair:7)
1187 creatures vanquished.

Vanquished Creatures (collateral kills)
  4 demonic crawlers
  3 redbacks
  A tarantella (Spider:3)
  2 insubstantial wisps (Swamp:2)
10 creatures vanquished.

Vanquished Creatures (others)
  A jelly (D:14)
  An orc priest (Orc:2)
  An orc (Orc:2)
  4 briar patches (Swamp:4)
  16 fungi
  A plant (Lair:2)
24 creatures vanquished.

Grand Total: 1221 creatures vanquished

Notes
Turn   | Place    | Note
--------------------------------------------------------------
     0 | D:1      | sleepydude the Spriggan Enchanter began the quest for the Orb.
     0 | D:1      | Reached XP level 1. HP: 9/9 MP: 5/5
   423 | D:1      | Reached XP level 2. HP: 13/13 MP: 6/6
   974 | D:2      | Reached skill level 5 in Stealth
  1273 | D:2      | Reached XP level 3. HP: 16/16 MP: 6/8
  1277 | D:2      | Learned a level 2 spell: Ensorcelled Hibernation
  1281 | D:2      | Learned a level 3 spell: Confuse
  1430 | D:2      | Noticed Terence
  1432 | D:2      | Killed Terence
  1526 | D:2      | Found a faded altar to an unknown god.
  1686 | D:2      | Found an oddly glowing altar of Pakellas.
  1936 | D:3      | Reached XP level 4. HP: 21/21 MP: 6/9
  2002 | D:3      | Found a white marble altar of Elyvilon.
  2070 | D:3      | Found a bloodstained altar of Trog.
  2274 | D:3      | Reached skill level 6 in Stealth
  2309 | D:3      | Noticed Robin
  2355 | D:3      | Killed Robin
  2355 | D:3      | Reached XP level 5. HP: 24/24 MP: 0/10
  2467 | D:3      | Found a glowing golden altar of the Shining One.
  2773 | D:4      | Reached skill level 7 in Stealth
  3273 | D:4      | Reached XP level 6. HP: 28/28 MP: 6/11
  4347 | D:4      | Reached skill level 5 in Short Blades
  4488 | D:4      | Reached skill level 8 in Stealth
  4715 | D:4      | Found an iron altar of Okawaru.
  4726 | D:4      | Became a worshipper of Warmaster Okawaru
  4857 | D:4      | Reached XP level 7. HP: 32/32 MP: 7/12
  5174 | D:5      | Entered Level 5 of the Dungeon
  5325 | D:5      | Reached skill level 9 in Stealth
  5345 | D:5      | Noticed Edmund
  5363 | D:5      | Reached skill level 5 in Dodging
  5452 | D:5      | Killed Edmund
  5752 | D:5      | Reached skill level 10 in Stealth
  6010 | D:5      | Found a sacrificial altar of Ru.
  6082 | D:5      | Found a runed door.
  6086 | D:5      | Found a runed door.
  6181 | D:5      | Reached XP level 8. HP: 31/36 MP: 6/13
  6302 | D:5      | Reached * piety under Okawaru
  6472 | D:5      | Found a stormy altar of Qazlal.
  6475 | D:5      | Noticed an air elemental
  6476 | D:5      | Reached skill level 11 in Stealth
  7045 | D:6      | Noticed Crazy Yiuf
  7049 | D:6      | Killed Crazy Yiuf
  7049 | D:6      | Reached skill level 5 in Hexes
  7143 | D:6      | Noticed Blork the orc
  7145 | D:6      | Killed Blork the orc
  7192 | D:6      | Noticed Menkaure
  7197 | D:6      | Killed Menkaure
  7197 | D:6      | Reached ** piety under Okawaru
  7602 | D:6      | Reached skill level 5 in Spellcasting
  7998 | D:7      | Reached XP level 9. HP: 39/39 MP: 14/18
  8436 | D:7      | Found a snail-covered altar of Cheibriados.
  8796 | D:7      | Found a radiant altar of Vehumet.
  8808 | D:7      | Reached *** piety under Okawaru
  8839 | D:7      | Found a bloodstained altar of Trog.
  8849 | D:7      | Found a blossoming altar of Fedhas.
  8934 | D:7      | Found a shimmering altar of Xom.
  9015 | D:7      | Noticed Joseph
  9025 | D:7      | Killed Joseph
  9037 | D:7      | Reached **** piety under Okawaru
  9310 | D:7      | Found a staircase to the Ecumenical Temple.
  9366 | D:8      | Noticed Psyche
  9371 | D:8      | Killed Psyche
  9371 | D:8      | Reached XP level 10. HP: 44/44 MP: 18/23
  9810 | D:8      | Noticed Erica
  9821 | D:8      | Killed Erica
  9821 | D:8      | Reached ***** piety under Okawaru
  9821 | D:8      | Reached skill level 12 in Stealth
  9939 | D:8      | Noticed Pikel
  9947 | D:8      | Killed Pikel
  9971 | D:8      | Found an oddly glowing altar of Pakellas.
  9971 | D:8      | Found a sparkling altar of Nemelex Xobeh.
  9997 | D:8      | Found a deep blue altar of Sif Muna.
 10367 | D:8      | Reached skill level 10 in Dodging
 10403 | D:8      | Received a gift from Okawaru
 10837 | D:9      | Found a staircase to the Orcish Mines.
 10872 | D:9      | Reached skill level 13 in Stealth
 11223 | D:9      | Found an ancient bone altar of Kikubaaqudgha.
 12082 | D:10     | Entered Level 10 of the Dungeon
 12095 | D:10     | Noticed Harold
 12095 | D:10     | Noticed a hill giant
 12134 | D:10     | Killed a hill giant
 12134 | D:10     | Reached XP level 11. HP: 47/47 MP: 15/24
 12905 | D:10     | Found a staircase to the Lair.
 12960 | D:10     | Received a gift from Okawaru
 13056 | D:10     | Gained mutation: Your body sometimes deteriorates upon taking damage. [mutagenic glow]
 13096 | D:10     | Gained mutation: Armour fits poorly on your strangely shaped body. [mutagenic glow]
 13586 | D:10     | Killed Harold
 13586 | D:10     | Reached ****** piety under Okawaru
 13676 | D:10     | Noticed an orc knight
 13683 | D:10     | Killed an orc knight
 13683 | D:10     | Reached skill level 10 in Short Blades
 13683 | D:10     | Reached skill level 14 in Stealth
 13764 | Lair:1   | Entered Level 1 of the Lair of Beasts
 13858 | Lair:1   | Reached skill level 1 in Fighting
 14027 | Lair:1   | Noticed Sonja
 14032 | Lair:1   | Killed Sonja
 14069 | Lair:1   | Received a gift from Okawaru
 14325 | Lair:1   | Reached skill level 15 in Stealth
 14403 | Lair:1   | Found a frozen archway.
 14447 | IceCv    | Entered an ice cave
 14629 | Lair:2   | Reached skill level 10 in Spellcasting
 14851 | Lair:2   | Reached XP level 12. HP: 56/56 MP: 27/27
 15512 | Lair:2   | Identified a +0 rod of shadows (13/13) (You found it on level 9 of the Dungeon)
 15826 | Lair:2   | Lost mutation: Your body sometimes deteriorates upon taking damage. [potion of cure mutation]
 15826 | Lair:2   | Lost mutation: Armour fits poorly on your strangely shaped body. [potion of cure mutation]
 16149 | Lair:3   | Upgraded the game from 0.18.1-48-g4cf74bf to 0.18.1-50-g88ac8fd
 16226 | Lair:2   | Reached skill level 10 in Hexes
 16508 | Lair:3   | Reached skill level 16 in Stealth
 16622 | Lair:3   | Noticed Maud
 16762 | Lair:3   | Noticed a six-headed hydra
 16798 | Lair:3   | Killed a six-headed hydra
 16819 | Lair:3   | Killed Maud
 16819 | Lair:3   | Received a gift from Okawaru
 16819 | Lair:3   | Reached skill level 5 in Fighting
 17074 | Lair:3   | Reached skill level 1 in Shields
 17725 | Lair:4   | Found a staircase to the Swamp.
 18001 | Lair:4   | You fall through a shaft for 2 floors!
 18054 | Lair:5   | Reached XP level 13. HP: 65/65 MP: 28/28
 18094 | Lair:5   | Reached skill level 17 in Stealth
 19284 | Lair:6   | Received a gift from Okawaru
 19948 | Lair:6   | Found a hole to the Spider Nest.
 20334 | Lair:7   | Identified a scroll of acquirement
 20337 | Lair:7   | Got an ichor-stained shadow dragon armour
 20348 | Lair:7   | Identified the +0 shadow dragon armour "Jeuvocly" {rElec rCorr Str+2 Stlth++++} (You acquired it on level 7 of the Lair of Beasts)
 20977 | Lair:7   | Received a gift from Okawaru
 21064 | Lair:7   | Noticed a fire dragon
 21071 | Lair:7   | Killed a fire dragon
 21396 | Lair:8   | Entered Level 8 of the Lair of Beasts
 21896 | Lair:8   | Found a staircase to the Slime Pits.
 21921 | Lair:8   | Reached XP level 14. HP: 70/70 MP: 15/29
 22643 | Lair:7   | Reached skill level 15 in Hexes
 23627 | Lair:8   | Received a gift from Okawaru
 24362 | D:11     | Noticed Josephine
 24489 | D:11     | Killed Josephine
 24753 | D:11     | Found a labyrinth entrance.
 24766 | Lab      | Entered a labyrinth
 25874 | D:12     | Noticed Rupert
 25881 | D:12     | Killed Rupert
 26844 | D:12     | Learned a level 5 spell: Summon Mana Viper
 26939 | D:13     | Noticed Nessos
 26943 | D:13     | Noticed Urug
 26950 | D:13     | Killed Nessos
 26950 | D:13     | Reached skill level 1 in Summonings
 27077 | D:13     | Received a gift from Okawaru
 27082 | D:13     | Got a brightly glowing robe {god gift}
 27105 | D:13     | Killed Urug
 27118 | D:13     | Identified the +1 robe of Agigops {rElec Int+4} (Okawaru gifted it to you on level 13 of the Dungeon)
 27417 | D:13     | Reached XP level 15. HP: 74/74 MP: 24/34
 27498 | D:13     | Noticed Erolcha
 27503 | D:13     | Killed Erolcha
 27586 | D:13     | Found a gate to the Vaults.
 27605 | D:13     | Reached skill level 5 in Summonings
 28302 | D:14     | Reached skill level 18 in Stealth
 28772 | D:14     | Reached skill level 19 in Stealth
 28802 | D:14     | Received a gift from Okawaru
 29235 | D:14     | Learned a level 3 spell: Dazzling Spray
 29374 | D:15     | Entered Level 15 of the Dungeon
 29398 | D:15     | Reached skill level 5 in Shields
 29667 | D:15     | Found a staircase to the Depths.
 29956 | D:15     | Got a faintly glowing granite ring
 29958 | D:15     | Identified the ring "Ybeagem" {rC+++ rN+ Str+4 Dex+3 Stlth-} (You found it on level 15 of the Dungeon)
 30061 | D:15     | Received a gift from Okawaru
 30229 | Depths:1 | Entered Level 1 of the Depths
 30342 | Depths:1 | Found a gateway to Hell.
 30829 | Orc:1    | Entered Level 1 of the Orcish Mines
 31148 | Orc:2    | Entered Level 2 of the Orcish Mines
 31164 | Orc:2    | Found a roughly hewn altar of Beogh.
 31195 | Orc:2    | Found a staircase to the Elven Halls.
 31204 | Orc:2    | Noticed an orc warlord
 31233 | Orc:2    | Received a gift from Okawaru
 31348 | Orc:2    | Reached XP level 16. HP: 76/79 MP: 23/35
 31381 | Orc:2    | Found a roughly hewn altar of Beogh.
 31613 | Orc:2    | Reached skill level 20 in Stealth
 32089 | Orc:2    | Found Humun's Antique Weapon Shop.
 32092 | Orc:2    | Found Gimpext's Antique Armour Shop.
 32144 | Orc:2    | Found Abbuf's General Store.
 32170 | Orc:2    | Bought 2 fruits for 39 gold pieces
 32170 | Orc:2    | Bought a scroll of teleportation for 39 gold pieces
 32170 | Orc:2    | Bought the +8 rapier "Visublir" {venom, rN+++} for 946 gold pieces
 32170 | Orc:2    | Bought a slice of pizza for 19 gold pieces
 32376 | Orc:2    | Found Obbih's Jewellery Shop.
 32382 | Orc:2    | Bought an uncursed ring of flight for 315 gold pieces
 32677 | Swamp:1  | Entered Level 1 of the Swamp
 32953 | Swamp:1  | Learned a level 5 spell: Silence
 33415 | Swamp:2  | Reached skill level 1 in Air Magic
 33476 | Swamp:2  | Identified the Guide on Damaging Contamination (You found it on level 2 of the Swamp)
 34610 | Orc:2    | Bought an uncursed ring of poison resistance for 360 gold pieces
 35296 | Swamp:3  | Received a gift from Okawaru
 35729 | Swamp:4  | Entered Level 4 of the Swamp
 35859 | Swamp:4  | Noticed a thorn hunter
 35968 | Swamp:4  | Noticed Donald
 35972 | Swamp:4  | Noticed Louise
 36046 | Swamp:4  | Killed Donald
 36426 | Swamp:4  | Noticed a thorn hunter
 36953 | Swamp:4  | Got a decaying rune of Zot
 37321 | Spider:1 | Entered Level 1 of the Spider Nest
 37411 | Spider:1 | Got a transparent copper ring
 37412 | Spider:1 | Identified the ring of Vanity {Wiz Slay+3} (You found it on level 1 of the Spider Nest)
 37841 | Spider:1 | Received a gift from Okawaru
 38016 | Spider:1 | Reached XP level 17. HP: 88/88 MP: 27/36
 38837 | Spider:2 | Noticed Agnes
 38847 | Spider:2 | Killed Agnes
 38979 | Spider:2 | Noticed Asterion
 38981 | Spider:2 | Killed Asterion
 40023 | Spider:2 | Received a gift from Okawaru
 40023 | Spider:2 | Reached skill level 21 in Stealth
 40082 | Spider:2 | Slain by a jumping spider

Skill      XL: |  1  2  3  4  5  6  7  8  9 10 11 12 13 14 15 16 17 |
---------------+----------------------------------------------------+-----
Short Blades   | 2 3 4 5 9 10 | 10.0
Stealth        | 5 6 7 8 10 11 13 15 16 17 19 20 21 | 21.0
Hexes          | 4 6 9 11 14 15 | 15.0
Spellcasting   | 3 5 8 10 14 | 14.0
Dodging        | 4 6 8 10 11 12 | 12.5
Fighting       | 3 5 6 9 |  9.3
Shields        | 2 3 4 8 9 |  9.0
Summonings     | 3 5 7 9 |  9.4
Air Magic      | 4 |  4.0

Action                   |  1- 3 |  4- 6 |  7- 9 | 10-12 | 13-15 | 16-18 || total
-------------------------+-------+-------+-------+-------+-------+-------++-------
Melee: Dagger            |    76 |   293 |   371 |   869 |   480 |       ||  2089
       Rapier            |       |       |       |       |   694 |   620 ||  1314
 Cast: Corona            |    14 |       |       |     1 |       |       ||    15
       Ensorcelled Hiber |    12 |    82 |   115 |   176 |   339 |   275 ||   999
       Confuse           |       |     6 |    23 |    40 |    83 |    20 ||   172
       Summon Mana Viper |       |       |       |       |     3 |    13 ||    16
       Dazzling Spray    |       |       |       |       |     4 |     7 ||    11
Invok: Heroism           |       |       |       |       |     2 |       ||     2
       Finesse           |       |       |       |       |     1 |       ||     1
  Use: Scroll            |       |       |    12 |       |    12 |     6 ||    30
       Potion            |       |       |     5 |     9 |       |     1 ||    15
 Stab: Sleeping          |    17 |    69 |    77 |   118 |   300 |   184 ||   765
       Distracted        |     1 |       |     1 |     3 |    12 |     5 ||    22
       Confused          |       |     1 |    17 |    18 |    46 |    14 ||    96
       Invisible         |       |       |       |       |     4 |     1 ||     5
  Eat: Bread ration      |       |     1 |     2 |     2 |     2 |       ||     7
       Royal jelly       |       |     1 |       |     1 |       |       ||     2
       Pizza             |       |       |     2 |       |     1 |     2 ||     5
       Fruit             |       |       |       |       |       |     4 ||     4
Armor: Robe              |     9 |    18 |    23 |    49 |    69 |    34 ||   202
       Shadow dragon arm |       |       |       |       |    18 |       ||    18
       Skin              |       |       |       |       |       |    19 ||    19
Dodge: Dodged            |    43 |   183 |   258 |   619 |   747 |   714 ||  2564
Block: Buckler           |       |       |       |    38 |   399 |   413 ||   850
